cohdb
Replays
Latest Replays
All Replays
Popular Replays
Top Player Replays
Match Explorer
How It Works
Community
CoH3 Stats
Reddit
Sign in to upload your games and track your stats! →
Sign in with Steam
Match 41009873
Unlisted
Match 41009873
Overview
Messages
Build Orders
End
Construct Infanterie Kompanie
Construct Infanterie Kompanie
Kettenkrad Recon Vehicle
Selects Mechanized Battlegroup
MG 42 Machine Gun Team
Grenadier Squad
Grenadier Squad
MG 42 Machine Gun Team
Construct Panzergrenadier Kompanie
Medical Bunker
Construct Panzer Kompanie
Selects Raid Package
Stoßtruppen Squad
Medical Bunker
Panzer Officer Quarters
ProxyFox
Jonnies
Getmeout
Lucifer
Hunter™
The 2D Waifu Trafficker
Dark Angels
Goonsader
0
0
Comments
sign in to comment!
No comments posted yet!